 Dungeon Crawl Stone Soup version 0.31.0-12-g77e489cdc1 (webtiles) character file.

Game seed: 2933873934838989576

688 spaghetti the Grave Robber (level 7, -11/68 HPs)
             Began as a Naga Necromancer on Feb 25, 2024.
             Mangled by a nameless horror (22 damage)
             ... created by miscasting Animate Armour
             ... on level 4 of the Dungeon.
             The game lasted 00:09:25 (4273 turns).

spaghetti the Grave Robber (Naga Necromancer)       Turns: 4273, Time: 00:09:26

Health: -11/68     AC:  5    Str: 10      XL:     7   Next: 62%
Magic:  0/12       EV:  9    Int: 16 (17) God:
Gold:   145        SH:  0    Dex: 11 (12) Spells: 0/13 levels left

rFire   + . .        m - +2 dagger (venom)
rCold   . . .        (no shield)
rNeg    . . .        a - +0 robe
rPois   +            c - +0 helmet
rElec   .            (no cloak)
rCorr   .            i - +0 pair of gloves
SInv    +            (no barding)
Will    +....        (no amulet)
Stlth   ++           (no ring)
HPRegen 0.31/turn    (no ring)
MPRegen 0.13/turn

%: no passive effects
@: enlightened, flying, very slightly contaminated, very slow
A: AC +2, large, see invisible, deformed body, poison resistance, slowness 2,
spit poison 1, naga tail 1, fire resistance 1, robust 1, evolution 1, MP-powered
wands
a: Spit Poison


You were on level 4 of the Dungeon.
You visited 1 branch of the dungeon, and saw 5 of its levels.

You collected 145 gold pieces.

Inventory:

Hand Weapons
 e - a +0 morningstar of protection
 m - a +2 dagger of venom (weapon)
Armour
 a - a +0 robe (worn)
 c - a +0 helmet (worn)
 i - a +0 pair of gloves (worn)
 k - a +0 helmet
Jewellery
 o - a +6 ring of strength
Wands
 d - a wand of polymorph (15)
 n - a wand of quicksilver (12)
Scrolls
 f - a scroll of brand weapon {unknown}
 g - 3 scrolls of identify
 h - a scroll of blinking {unknown}
Potions
 b - a potion of magic
 j - a potion of mutation
 l - a potion of berserk rage
 p - a potion of lignification


   Skills:
 + Level 3.4 Fighting
 - Level 1.5 Dodging
 - Level 3.0 Stealth
 + Level 3.7 Spellcasting
 + Level 3.1 Summonings
 + Level 5.5 Necromancy
 + Level 3.1 Earth Magic


You couldn't memorise any spells.
You knew the following spells:

 Your Spells              Type           Power      Damage    Failure   Level
a - Necrotise             Necr           80%        1d8       1%          1
b - Animate Armour        Summ/Erth      26%        N/A       43%         4
c - Summon Lightning Spi  Summ/Air       8%         N/A       65%         4
d - Animate Dead          Necr           20%        N/A       19%         4

Your spell library contained the following spells:

 Spells                   Type           Power      Damage    Failure   Level
 Sublimation of Blood     Necr           20%        N/A       2%          2
 Vampiric Draining        Necr           20%        2d7       5%          3
 Static Discharge         Conj/Air       6%         3-4/arc   26%         2
 Stone Arrow              Conj/Erth      16%        3d8       26%         3
 Dazzling Flash           Conj/Hex       6%         N/A       45%         3
 Volatile Blastmotes      Fire/Tloc      6%         2d10      45%         3
 Curse of Agony           Necr           20%        N/A       45%         5
 Petrify                  Alch/Erth      8%         N/A       65%         4
 Airstrike                Air            1%         2d(1-17)  86%         4
 Fulminant Prism          Conj/Alch      1%         3d5       86%         4
 Iskenderun's Mystic Bla  Conj/Tloc      3%         2d3       86%         4
 Irradiate                Conj/Alch      1%         3d12      99%         5
 Starburst                Conj/Fire      1%         6d3       100%        6
 Lehudib's Crystal Spear  Conj/Erth      4%         10d3      100%        8
 Maxwell's Capacitive Co  Air            1%         ∞         100%        8


Dungeon Overview and Level Annotations

Branches:
Dungeon (5/15)
 Temple: D:4-7

Altars:
Nemelex Xobeh
Vehumet
Zin


Innate Abilities, Weirdness & Mutations

Your serpentine skin is tough. (AC +2)
You have supernaturally acute eyesight. (SInv)
Armour fits poorly on your strangely shaped body.
Your system is resistant to poisons. (rPois)
You cover ground very slowly.
You can spit poison.
You have a snake-like lower body.
Your flesh is heat resistant. (rF+)
You are robust. (+10% HP)
You have hidden genetic potential.
You expend magic power (3 MP) to strengthen your wands.


Message History

Okay, then.
Unknown command.
Casting: Necrotise (safe; 1% risk of failure)
Confirm with . or Enter, or press ? or * to list all spells.
You miscast Animate Armour.
You are very lightly contaminated with residual magic.
Desperate hands claw out at you.
A nameless horror comes into view.
The ball python bites your gnoll zombie.
The ball python barely misses your gnoll zombie.
Your gnoll zombie closely misses the ball python.
Casting: Animate Armour (quite dangerous; 43% risk of failure)
Confirm with . or Enter, or press ? or * to list all spells.
You miscast Animate Armour.
Rocks fall onto you out of nowhere.
The ball python bites your gnoll zombie.
The ball python grabs your gnoll zombie.
The ball python constricts your gnoll zombie.
Your gnoll zombie closely misses the ball python.
Unknown command.
The ball python loses its grip on your gnoll zombie.
The nameless horror barely misses you.
Your gnoll zombie hits the ball python.
The ball python dies!
Your life force feels restored.
The nameless horror closely misses you.
The nameless horror attacks as it pursues you!
The nameless horror hits you.
You feel your power leaking away. The iguana barely misses you.
The nameless horror hits you!
Your gnoll zombie hits the nameless horror but does no damage.
The iguana attacks as it pursues you! The iguana completely misses you.
The nameless horror attacks as it pursues you!
The nameless horror hits you but does no damage.
The nameless horror attacks as it pursues you!
The nameless horror hits you!
The teleport trap disappears.
The iguana disappears!
The nameless horror hits you!
* * * LOW HITPOINT WARNING * * *
There is a stone staircase leading down here.
The nameless horror hits you!!
You die...

#. #...###.####.#
#............##.#
#...#..##..#.##.#
....#.. #.##..#.#
##.....##.....#.#
#...........#.#.##
......†.....#....#
............§...##
...........ZX@..#
......######....#
...... #....# .....
#....# .....
####....# ####
##.......#
######..##....#
#.......##....######
#..................#


You could see a nameless horror (ally target) and a friendly gnoll zombie.

Vanquished Creatures
  A nameless horror (D:5)
  A black bear (D:4)
  2 hounds (D:4)
  3 orc priests
  Ijyb (D:3)
  Jessica (D:3)
  Terence (D:3)
  4 orc wizards
  Robin (D:4)
  3 gnolls (D:4)
  4 adders
  2 dart slugs
  A ribbon worm (D:3)
  10 orcs
  5 bats
  8 endoplasms
  2 giant cockroaches (D:2)
  9 goblins
  6 hobgoblins
  7 jackals
  5 kobolds
  6 ball pythons
  3 frilled lizards (D:1)
  4 rats
90 creatures vanquished.

Vanquished Creatures (collateral kills)
  A hound (D:4)
  2 orc priests
  2 orcs
  4 goblins
  2 hobgoblins (D:4)
  A kobold (D:4)
  2 ball pythons (D:4)
14 creatures vanquished.

Vanquished Creatures (others)
  A gnoll zombie (D:4)
  A hobgoblin zombie (D:4)
2 creatures vanquished.

Grand Total: 106 creatures vanquished

Notes
Turn   | Place    | Note
-------+----------+-------------------------------------------
     0 | D:1      | spaghetti the Naga Necromancer began the quest for the Orb.
     0 | D:1      | Reached XP level 1. HP: 15/15 MP: 3/3
   209 | D:1      | Reached XP level 2. HP: 11/24 MP: 0/5
   533 | D:1      | Reached skill level 1 in Fighting
   916 | D:1      | You fall into a shaft and drop 1 floor!
   954 | D:2      | Reached XP level 3. HP: 21/31 MP: 3/6
  1107 | D:2      | Found a radiant altar of Vehumet.
  1284 | D:2      | Reached skill level 1 in Summonings
  1289 | D:2      | Reached XP level 4. HP: 25/38 MP: 1/7
  1291 | D:2      | Reached skill level 1 in Earth Magic
  1524 | D:2      | Found a faded altar of an unknown god.
  1874 | D:3      | Noticed Terence
  1893 | D:3      | Killed Terence
  1918 | D:3      | Reached XP level 5. HP: 45/45 MP: 9/9
  2188 | D:3      | Found a glowing silver altar of Zin.
  2238 | D:2      | Learned a level 4 spell: Animate Armour
  2243 | D:2      | Learned a level 4 spell: Summon Lightning Spire
  2295 | D:3      | Noticed Jessica
  2422 | D:3      | Reached XP level 6. HP: 32/55 MP: 0/10
  2423 | D:3      | Killed Jessica
  2431 | D:3      | Reached skill level 5 in Necromancy
  2729 | D:3      | Noticed Ijyb
  2741 | D:3      | Killed Ijyb
  2881 | D:3      | Gained mutation: Your flesh is heat resistant. (rF+)
                  | [potion of mutation]
  2881 | D:3      | Gained mutation: You have hidden genetic potential. [potion
                  | of mutation]
  2881 | D:3      | Gained mutation: You expend magic power (3 MP) to
                  | strengthen your wands. [potion of mutation]
  3120 | D:4      | Noticed Robin
  3157 | D:4      | Reached XP level 7. HP: 19/61 MP: 2/12
  3163 | D:4      | HP: 2/61 [orc wizard/magic dart (9)]
  3321 | D:4      | Found a sparkling altar of Nemelex Xobeh.
  3384 | D:4      | Learned a level 4 spell: Animate Dead
  3579 | D:4      | Gained mutation: You are robust. (+10% HP) [hidden
                  | potential]
  3737 | D:4      | Noticed a nameless horror
  3741 | D:5      | Entered Level 5 of the Dungeon
  3756 | D:5      | Killed a nameless horror
  3987 | D:4      | Killed Robin
  4265 | D:4      | Noticed a nameless horror
  4273 | D:4      | Mangled by a nameless horror

Illustrated notes

Levels and vault maps discovered:
D:1:      dpeg_chamrin_arrival_tetris, layout_loops_ring
D:2:      layout_rooms, basic_altar, shapermc_ecumenical_altar_flowoftime
D:3:      layout_basic, mainiacjoe_overflow_brackets, uniq_terence,
          uniq_jessica, uniq_ijyb
D:4:      layout_basic, mainiacjoe_overflow_big_doors,
          biasface_ghost_orc_armoury, uniq_robin
D:5:      layout_basic

Skill      XL: |  1  2  3  4  5  6  7 |
---------------+----------------------+-----
Fighting       | 1 2 3 |  3.4
Summonings     | 1 2 3 |  3.1
Earth Magic    | 1 2 3 |  3.1
Spellcasting   | 3 |  3.7
Necromancy     | 5 |  5.5
Dodging        | |  1.5
Stealth        | |  3.0

Action                     |  1- 3 |  4- 6 |  7- 9 || total
---------------------------+-------+-------+-------++-------
  Melee: Unarmed           |    26 |    68 |       ||    94
         Punch             |     1 |     1 |     2 ||     4
         Morningstar       |       |    52 |     3 ||    55
         Dagger            |       |       |    74 ||    74
   Cast: Necrotise         |    55 |    62 |    15 ||   132
         Animate Armour    |       |     3 |     1 ||     4
         Animate Dead      |       |       |     3 ||     3
Ability: Spit Poison       |     7 |    14 |     4 ||    25
    Use: Scroll            |     1 |       |       ||     1
         Potion            |       |     7 |     4 ||    11
 Armour: Robe              |    29 |    83 |    86 ||   198
         Skin              |       |    16 |       ||    16
  Dodge: Dodged            |    17 |    53 |    48 ||   118
